 Dungeon Crawl Stone Soup version 0.19-a0-835-gf140595 (webtiles) character file.

102 Implojin the Chopper (level 4, -2/39 HPs)
             Began as a Minotaur Fighter on June 30, 2016.
             Slain by Sigmund
             ... wielding a +0 scythe
              (10 damage)
             ... on level 3 of the Dungeon.
             The game lasted 00:01:43 (196 turns).

Implojin the Chopper (Minotaur Fighter)              Turns: 196, Time: 00:01:43

Health: -2/39      AC:  6    Str: 21    XL:     4   Next: 50%
Magic:  3/3        EV:  7    Int:  5    God:
Gold:   23         SH:  0    Dex: 10    Spells: 0 memorised, 3 levels left

rFire  . . .     SeeInvis .     a - +0 war axe
rCold  . . .     Gourm    .     b - +0 scale mail
rNeg   . . .     Faith    .     c - +0 shield
rPois  .         Spirit   .     (helmet restricted)
rElec  .         Dismiss  .     (no cloak)
rCorr  .         Reflect  .     (no gloves)
SustAt .         Harm     .     (no boots)
MR     .....                    (no amulet)
Stlth  ..........               (no ring)
                                (no ring)

@: confused, very slightly contaminated, hasted, very quick, not resistant to
hostile enchantments, extremely unstealthy
A: retaliatory headbutt, horns 2
a: no special abilities


You were on level 3 of the Dungeon.
You were not hungry.

You visited 1 branch of the dungeon, and saw 3 of its levels.

You collected 23 gold pieces.

Inventory:

Hand Weapons
 a - a +0 war axe (weapon)
Armour
 b - a +0 scale mail (worn)
 c - a +0 shield (worn)
Scrolls
 d - a scroll of remove curse
 i - a scroll of identify {unknown}
Potions
 h - a potion of curing {unknown}
Comestibles
 f - a bread ration
 g - 2 chunks of flesh


   Skills:
 - Level 3.6 Fighting
 * Level 5.8 Axes
 - Level 3.6 Armour
 - Level 3.6 Shields


You had 3 spell levels left.
You didn't know any spells.

Dungeon Overview and Level Annotations

Branches:
Dungeon (3/15)

Altars:

Annotations:
D:3 Sigmund


Innate Abilities, Weirdness & Mutations

You reflexively headbutt those who attack you in melee.
You have a pair of horns on your head.


Message History

You kill the goblin!
You see here a club.
You see here a club.
Sigmund the Dreaded comes into view.
He is wielding a scythe.
Sigmund shouts!
Okay, then.
Okay, then.
Sigmund mumbles some strange words.
Sigmund flickers and vanishes!
Deactivating autopickup; reactivate with Ctrl-A.
A puff of flame appears from out of thin air!
The puff of flame hits you!
You see here a club.
You are confused.
You bump into the rock wall.
You're too confused to move!
You hear some strange, mumbled words.
You are more confused.
You hear some strange, mumbled words.
Something tries to affect you, but you resist.
You bump into the rock wall.
You bump into the rock wall.
You hear some strange, mumbled words.
You are more confused.
A rat comes into view.
You're too confused!
The rat moves out of view.
Something hits you but does no damage. Something hits you.
* * * LOW HITPOINT WARNING * * *
You bump into the rock wall.
Something hits you!
* * * LOW HITPOINT WARNING * * *
It was a potion of haste.
You feel yourself speed up.
You hear some strange, mumbled words.
A magic dart appears from out of thin air!
The magic dart hits you!
* * * LOW HITPOINT WARNING * * *
You are very lightly contaminated with residual magic.
You bump into the rock wall.
The rat bites you but does no damage. Something hits you!
You die...

#.# ####.....# .... #.###
#.#...# .... #...# #.#...#
# .... ###.### #.#...# ..
... #...# #.....##..# #..
###.# ###........#
#..###### #.## #...#)....##
#.......###).####.#(.....##
##..........r@...........#
#......#..#{..#.....#...#
#..######.......##......#
#.. ###...#....##...# ##.
#...#....##...# #.
#...#....# ...# ..
#...#...%# ..... ..
#####....# ### #%...#


You could see a rat.

Vanquished Creatures
  Ijyb (D:3)
  Terence (D:3)
  4 adders
  An ooze (D:3)
  A worm (D:2)
  A bat (D:2)
  2 giant cockroaches
  A goblin (D:3)
  2 kobolds (D:2)
14 creatures vanquished.

Notes
Turn   | Place    | Note
--------------------------------------------------------------
     0 | D:1      | Implojin the Minotaur Fighter began the quest for the Orb.
     0 | D:1      | Reached XP level 1. HP: 19/19 MP: 0/0
    23 | D:3      | Noticed Terence
    27 | D:3      | Killed Terence
    27 | D:3      | Reached skill level 4 in Axes
    27 | D:3      | Reached XP level 2. HP: 20/26 MP: 1/1
    39 | D:2      | Reached XP level 3. HP: 14/31 MP: 2/2
   107 | D:3      | Reached skill level 5 in Axes
   108 | D:3      | Reached XP level 4. HP: 27/39 MP: 3/3
   112 | D:3      | Noticed Ijyb
   131 | D:3      | Killed Ijyb
   170 | D:3      | Noticed Sigmund
   196 | D:3      | Slain by Sigmund

Vault maps used:
D:1:      dpeg_arrival_pits
D:2:      grunt_decor_cap, hangedman_decor_clover_reticule,
          corexii_leaking_fountain, uniq_natasha
D:3:      st_stairs_14, uniq_terence, uniq_iyjb, uniq_sigmund,
          uniq_crazy_yiuf_cottage

Skill      XL: |  1  2  3 |
---------------+----------+-----
Axes           | 4 5 |  5.8
Fighting       | |  3.6
Armour         | |  3.6
Shields        | |  3.6

Action                   |  1- 3 |  4- 6 || total
-------------------------+-------+-------++-------
Melee: War axe           |    22 |    16 ||    38
       Headbutt          |     4 |     5 ||     9
  Use: Potion            |     1 |     1 ||     2
       Scroll            |       |     1 ||     1
Armor: Scale mail        |    10 |     6 ||    16
Dodge: Dodged            |     9 |     2 ||    11
Block: Shield            |    14 |     5 ||    19

Table legend:
 A = Turns spent in this place as a percentage of turns spent in the entire game.
 B = Non-inter-level travel turns spent in this place as a percentage of non-inter-level travel turns spent in the entire game.
 C = Inter-level travel turns spent in this place as a percentage of turns spent in this place.
 D = Turns resting spent in this place as a percentage of non-inter-level travel turns spent in this place.
 E = Turns spent auto-exploring this place as a percentage of non-inter-level travel turns spent in this place.
 F = Non-inter-level travel turns spent in this place divided by the number of levels of this place that you've seen.
                   A       B       C       D       E      F
               +-------+-------+-------+-------+-------+----------------------
         Total | 100.0 | 100.0 |   0.0 |   0.0 |   0.0 |  66.0
       Dungeon | 100.0 | 100.0 |   0.0 |   0.0 |   0.0 |  66.0
               +-------+-------+-------+-------+-------+----------------------

Table legend:
 A = Kills in this place as a percentage of kills in entire the game.
 B = Kills by you in this place as a percentage of kills by you in the entire game.
 C = Kills by friends in this place as a percentage of kills by friends in the entire game.
 D = Other kills in this place as a percentage of other kills in the entire game.
 E = Experience gained in this place as a percentage of experience gained in the entire game.
 F = Experience gained in this place divided by the number of levels of this place that you have seen.
                   A       B       C       D       E      F
               +-------+-------+-------+-------+-------+----------------------
         Total | 100.0 | 100.0 |  -nan |  -nan | 100.0 |  49.0
       Dungeon | 100.0 | 100.0 |  -nan |  -nan | 100.0 |  49.0
               +-------+-------+-------+-------+-------+----------------------
